TOP OF THE 1ST |
Peoria Chiefs batting - Pitching for Hagerstown Suns : RHP Danny Hoekenga
|
Pitching: RHP Danny Hoekenga
|
|
Batting: SHB Bobby O'Leary
|
0-0: Fly out, F3 (Line Drive, 3, EV 63.8 MPH)
|
Batting: RHB Mark Marks
|
0-0: Ground out 5-3 (Groundball, 56, EV 82.5 MPH)
|
Batting: LHB Ken Compton
|
0-0: Called Strike 0-1: Ball 1-1: Fly out, F4 (Line Drive, 4, EV 77.5 MPH)
|
Top of the 1st over - 0 runs, 0 hits, 0 errors, 0 left on base; Peoria 0 - Hagerstown 0 |
BOTTOM OF THE 1ST |
Hagerstown Suns batting - Pitching for Peoria Chiefs : RHP Josh Ambrose
|
Pitching: RHP Josh Ambrose
|
|
Batting: SHB Dan Castaneda
|
0-0: Called Strike 0-1: Ball 1-1: Foul Ball, location: 2F 1-2: Ball 2-2: Ball 3-2: Foul Ball, location: 2F 3-2: Foul Ball, location: 2F 3-2: Strikes out swinging
|
Batting: LHB Rich Hannus
|
0-0: Ball 1-0: Foul Ball, location: 2F 1-1: Ground out 4-3 (Groundball, 4, EV 88.1 MPH)
|
Batting: LHB John Luke
|
0-0: Ball 1-0: Foul Ball, location: 2F 1-1: Foul Ball, location: 2F 1-2: Foul Ball, location: 2F 1-2: Foul Ball, location: 2F 1-2: Ball 2-2: Ball 3-2: Base on Balls
|
Batting: RHB Kevin Wick
|
0-0: Called Strike 0-1: Called Strike 0-2: Ball 1-2: Ball 2-2: Ball 3-2: Strikes out looking
|
Bottom of the 1st over - 0 runs, 0 hits, 0 errors, 1 left on base; Peoria 0 - Hagerstown 0 |
TOP OF THE 2ND |
Peoria Chiefs batting - Pitching for Hagerstown Suns : RHP Danny Hoekenga
|
Batting: LHB Jayden Thomas
|
0-0: Ground out 4-3 (Groundball, 34D, EV 101.2 MPH)
|
Batting: RHB Justin Reich
|
0-0: Ball 1-0: Called Strike 1-1: Ball 2-1: Ball 3-1: Foul Ball, location: 2F 3-2: Fly out, F8 (Line Drive, 8RD, EV 91.9 MPH)
|
Batting: RHB Francisco Vargas
|
0-0: Ball 1-0: Called Strike 1-1: Fly out, F9 (Flyball, 9LS, EV 84.4 MPH)
|
Top of the 2nd over - 0 runs, 0 hits, 0 errors, 0 left on base; Peoria 0 - Hagerstown 0 |
BOTTOM OF THE 2ND |
Hagerstown Suns batting - Pitching for Peoria Chiefs : RHP Josh Ambrose
|
Batting: RHB Joe Young
|
0-0: Called Strike 0-1: Called Strike 0-2: Ball 1-2: Fly out, F7 (Flyball, 78D, EV 78.8 MPH)
|
Batting: RHB Josh Courtney
|
0-0: SINGLE (Groundball, P, EV 92.5 MPH) (infield hit)
|
Batting: RHB Jeff Page
|
0-0: Ball 1-0: DOUBLE (Line Drive, 89D, EV 105.6 MPH) Josh Courtney to third
|
Batting: RHB Scott Skoglund
|
0-0: Ball 1-0: Fly out, F7 (Flyball, 78D, EV 87.5 MPH) Runner from 3rd tags up, SCORES, throw by LF Jeff Page to third
|
Batting: RHB Bobby Dieter
|
0-0: Ball 1-0: Swinging Strike 1-1: Called Strike 1-2: Foul Ball, location: 2F 1-2: Ball 2-2: Ball 3-2: Base on Balls
|
Batting: SHB Dan Castaneda
|
0-0: Ball 1-0: Ball 2-0: SINGLE (Line Drive, 8LS, EV 86.2 MPH) Jeff Page scores Bobby Dieter to second
|
Batting: LHB Rich Hannus
|
0-0: Called Strike 0-1: Called Strike 0-2: Strikes out swinging
|
Bottom of the 2nd over - 2 runs, 3 hits, 0 errors, 2 left on base; Peoria 0 - Hagerstown 2 |
TOP OF THE 3RD |
Peoria Chiefs batting - Pitching for Hagerstown Suns : RHP Danny Hoekenga
|
Batting: RHB John Gibbs
|
0-0: Ball 1-0: SINGLE (Flyball, 3D, EV 96.2 MPH)
|
Batting: RHB Chris LaReau
|
0-0: Ball 1-0: Ball John Gibbs steals 2nd base 2-0: Foul Ball, location: 2F 2-1: Ground out 5-3 (Groundball, 56, EV 90.0 MPH)
|
Batting: RHB Perry Huse
|
0-0: Called Strike 0-1: Ball 1-1: Ball 2-1: Foul Ball, location: 2F 2-2: SINGLE (Groundball, 15S, EV 67.5 MPH) (infield hit) John Gibbs to third
|
Batting: SHB Bobby O'Leary
|
0-0: Called Strike 0-1: Ball 1-1: Foul Ball, location: 2F 1-2: Foul Ball, location: 2F 1-2: Foul Ball, location: 2F 1-2: Ball 2-2: Ball 3-2: DOUBLE (Line Drive, 7LM, EV 102.5 MPH) John Gibbs scores Perry Huse to third Runner from 3rd tries for Home, SAFE, throw by LF to home
|
Batting: RHB Mark Marks
|
0-0: Called Strike Bobby O'Leary steals 3rd base 0-1: Swinging Strike 0-2: Strikes out swinging
|
Batting: LHB Ken Compton
|
0-0: Swinging Strike 0-1: Foul Ball, location: 2F 0-2: Foul Ball, location: 2F 0-2: Ball 1-2: Ball 2-2: DOUBLE (Line Drive, 89M, EV 96.9 MPH) Bobby O'Leary scores
|
Batting: LHB Jayden Thomas
|
0-0: Swinging Strike 0-1: Called Strike 0-2: Ball 1-2: Foul Ball, location: 2F 1-2: Foul Ball, location: 2F 1-2: Ball Wild Pitch! Ken Compton to third 2-2: Foul Ball, location: 2F 2-2: Ball 3-2: Base on Balls
|
Batting: RHB Justin Reich
|
0-0: Ball 1-0: Called Strike 1-1: Swinging Strike 1-2: Fielders Choice at 2nd, 6-4 (Groundball, 6, EV 103.8 MPH)
|
Top of the 3rd over - 3 runs, 4 hits, 0 errors, 2 left on base; Peoria 3 - Hagerstown 2 |
BOTTOM OF THE 3RD |
Hagerstown Suns batting - Pitching for Peoria Chiefs : RHP Josh Ambrose
|
Batting: LHB John Luke
|
0-0: Called Strike 0-1: Foul Ball, location: 2F 0-2: Foul Ball, location: 2F 0-2: Ball 1-2: Fly out, F9 (Flyball, 8RM, EV 76.2 MPH)
|
Batting: RHB Kevin Wick
|
0-0: Swinging Strike 0-1: Ball 1-1: Ball 2-1: Ball 3-1: Swinging Strike 3-2: Strikes out looking
|
Batting: RHB Joe Young
|
0-0: Called Strike 0-1: Foul Ball, location: 2F 0-2: Ball 1-2: Ball 2-2: Strikes out swinging
|
Bottom of the 3rd over - 0 runs, 0 hits, 0 errors, 0 left on base; Peoria 3 - Hagerstown 2 |
TOP OF THE 4TH |
Peoria Chiefs batting - Pitching for Hagerstown Suns : RHP Danny Hoekenga
|
Batting: RHB Francisco Vargas
|
0-0: Called Strike 0-1: Foul Ball, location: 2F 0-2: Ball 1-2: Ball 2-2: Foul Ball, location: 2F 2-2: Ball 3-2: DOUBLE (Flyball, 78D, EV 95.0 MPH)
|
Batting: RHB John Gibbs
|
0-0: Called Strike 0-1: Ball 1-1: Ball 2-1: Ball 3-1: Base on Balls
|
Batting: RHB Chris LaReau
|
0-0: Swinging Strike 0-1: Foul Ball, location: 2F 0-2: Ball 1-2: Ball 2-2: Strikes out swinging
|
Batting: RHB Perry Huse
|
0-0: Foul Ball, location: 2F 0-1: Ball 1-1: Foul Ball, location: 2F 1-2: Strikes out swinging
|
Batting: SHB Bobby O'Leary
|
0-0: Foul Ball, location: 2F 0-1: Fly out, F8 (Flyball, 8LM, EV 77.5 MPH)
|
Top of the 4th over - 0 runs, 1 hit, 0 errors, 2 left on base; Peoria 3 - Hagerstown 2 |
BOTTOM OF THE 4TH |
Hagerstown Suns batting - Pitching for Peoria Chiefs : RHP Josh Ambrose
|
Batting: RHB Josh Courtney
|
0-0: Ball 1-0: Fly out, F8 (Flyball, 8RM, EV 77.5 MPH)
|
Batting: RHB Jeff Page
|
0-0: Foul Ball, location: 2F 0-1: Ball 1-1: Fly out, F2 (Popup, 2LF, EV 88.1 MPH)
|
Batting: RHB Scott Skoglund
|
0-0: Ground out 6-3 (Groundball, 56, EV 103.8 MPH)
|
Bottom of the 4th over - 0 runs, 0 hits, 0 errors, 0 left on base; Peoria 3 - Hagerstown 2 |
TOP OF THE 5TH |
Peoria Chiefs batting - Pitching for Hagerstown Suns : RHP Danny Hoekenga
|
Batting: RHB Mark Marks
|
0-0: Ball 1-0: Fly out, F8 (Flyball, 78D, EV 93.1 MPH)
|
Batting: LHB Ken Compton
|
0-0: Ball 1-0: SINGLE (Line Drive, 78S, EV 104.4 MPH)
|
Batting: LHB Jayden Thomas
|
0-0: Ball Ken Compton steals 2nd base (no throw) 1-0: Ball 2-0: SINGLE (Groundball, 23, EV 70.0 MPH) (infield hit) Ken Compton to third
|
Batting: RHB Justin Reich
|
0-0: Ball 1-0: Ball 2-0: Called Strike 2-1: Foul Ball, location: 2F 2-2: SINGLE (Groundball, 6MD, EV 95.6 MPH) Ken Compton scores Jayden Thomas to second
|
Batting: RHB Francisco Vargas
|
0-0: Called Strike 0-1: Ball 1-1: Called Strike 1-2: Ball 2-2: Strikes out swinging
|
Pitching: RHP Alpha Miller
|
|
Batting: RHB John Gibbs
|
0-0: Swinging Strike 0-1: SINGLE (Groundball, 6MD, EV 95.6 MPH) Jayden Thomas to third Justin Reich to second Runner from 3rd tries for Home, SAFE, throw by CF to home
|
Batting: RHB Chris LaReau
|
0-0: Ball 1-0: 3-RUN HOME RUN (Flyball, 7D, EV 94.4 MPH), Distance : 369 ft
|
Batting: RHB Perry Huse
|
0-0: Foul Ball, location: 2F 0-1: Ball 1-1: Ball 2-1: SOLO HOME RUN (Flyball, 7LD, EV 95.6 MPH), Distance : 357 ft
|
Batting: SHB Bobby O'Leary
|
0-0: Ball 1-0: Called Strike 1-1: Ball 2-1: Called Strike 2-2: Foul Ball, location: 2F 2-2: Ball 3-2: Foul Ball, location: 2F 3-2: Strikes out swinging
|
Top of the 5th over - 6 runs, 6 hits, 0 errors, 0 left on base; Peoria 9 - Hagerstown 2 |
BOTTOM OF THE 5TH |
Hagerstown Suns batting - Pitching for Peoria Chiefs : RHP Josh Ambrose
|
Batting: RHB Bobby Dieter
|
0-0: Ball 1-0: Swinging Strike 1-1: Foul Ball, location: 2F 1-2: Strikes out swinging passed ball, reaches first!
|
Batting: SHB Dan Castaneda
|
0-0: Fielders Choice at 2nd, 6-4 (Groundball, 6M, EV 79.4 MPH)
|
Batting: LHB Rich Hannus
|
0-0: Ball Wild Pitch! Dan Castaneda to second 1-0: 2-RUN HOME RUN (Flyball, 9D, EV 95.0 MPH), Distance : 364 ft
|
Batting: LHB John Luke
|
0-0: Ground out 4-3 (Groundball, 34, EV 77.5 MPH)
|
Batting: RHB Kevin Wick
|
0-0: Called Strike 0-1: Ball 1-1: Swinging Strike 1-2: Ball 2-2: Ball 3-2: SINGLE (Flyball, 4D, EV 83.1 MPH)
|
Batting: RHB Joe Young
|
0-0: Called Strike 0-1: Ball 1-1: Ball 2-1: Ball 3-1: Base on Balls Kevin Wick to second
|
Pitching: RHP Steve Barnett
|
|
Batting: RHB Josh Courtney
|
0-0: Called Strike 0-1: Ball 1-1: Swinging Strike 1-2: Ball 2-2: Fly out, F9 (Line Drive, 9, EV 91.9 MPH)
|
Bottom of the 5th over - 2 runs, 2 hits, 0 errors, 2 left on base; Peoria 9 - Hagerstown 4 |
TOP OF THE 6TH |
Peoria Chiefs batting - Pitching for Hagerstown Suns : RHP Alpha Miller
|
Batting: RHB Mark Marks
|
0-0: Called Strike 0-1: SINGLE (Groundball, 6M, EV 104.4 MPH) (infield hit)
|
Batting: LHB Ken Compton
|
0-0: Ball Mark Marks steals 2nd base 1-0: Swinging Strike 1-1: Foul Ball, location: 2F 1-2: Foul Ball, location: 2F 1-2: TRIPLE (Line Drive, 89XD, EV 101.9 MPH) Mark Marks scores
|
Pitching: RHP Luis Cruz
|
|
Batting: LHB Jayden Thomas
|
0-0: Ball 1-0: Ball 2-0: Called Strike 2-1: Ground out 4-3 (Groundball, 34, EV 88.8 MPH) Ken Compton scores
|
Batting: RHB Justin Reich
|
0-0: Called Strike 0-1: Ball 1-1: Fly out, F8 (Flyball, 89D, EV 96.2 MPH)
|
Batting: RHB Francisco Vargas
|
0-0: Called Strike 0-1: Ball 1-1: Called Strike 1-2: Strikes out looking
|
Top of the 6th over - 2 runs, 2 hits, 0 errors, 0 left on base; Peoria 11 - Hagerstown 4 |
BOTTOM OF THE 6TH |
Hagerstown Suns batting - Pitching for Peoria Chiefs : RHP Steve Barnett
|
Batting: RHB Jeff Page
|
0-0: Swinging Strike 0-1: Ball 1-1: Called Strike 1-2: Ball 2-2: Strikes out swinging
|
Batting: RHB Scott Skoglund
|
0-0: Foul Ball, location: 2F 0-1: Called Strike 0-2: Ball 1-2: Ball 2-2: Ball 3-2: Base on Balls
|
Batting: RHB Bobby Dieter
|
0-0: Foul Ball, location: 2F 0-1: Swinging Strike 0-2: Grounds into double play, 4-6-3 (Groundball, 4, EV 81.2 MPH)
|
Bottom of the 6th over - 0 runs, 0 hits, 0 errors, 0 left on base; Peoria 11 - Hagerstown 4 |
TOP OF THE 7TH |
Peoria Chiefs batting - Pitching for Hagerstown Suns : RHP Luis Cruz
|
Batting: RHB John Gibbs
|
0-0: Ball 1-0: Called Strike 1-1: Ball 2-1: Ground out 6-3 (Groundball, 56, EV 103.1 MPH)
|
Batting: RHB Chris LaReau
|
0-0: Ball 1-0: Swinging Strike 1-1: Swinging Strike 1-2: Ball 2-2: Ball 3-2: Strikes out swinging
|
Batting: RHB Perry Huse
|
0-0: SINGLE (Groundball, 6MD, EV 93.8 MPH)
|
Batting: SHB Bobby O'Leary
|
0-0: Called Strike 0-1: Ball 1-1: Ball 2-1: Foul Ball, location: 2F 2-2: Ball 3-2: Base on Balls Perry Huse to second
|
Batting: RHB Mark Marks
|
0-0: Called Strike 0-1: 3-RUN HOME RUN (Flyball, 78XD, EV 98.1 MPH), Distance : 411 ft
|
Pitching: RHP Roy Walker
|
|
Batting: LHB Ken Compton
|
0-0: Ball 1-0: Ball 2-0: Ground out 6-3 (Groundball, 6MS, EV 93.1 MPH)
|
Top of the 7th over - 3 runs, 2 hits, 0 errors, 0 left on base; Peoria 14 - Hagerstown 4 |
BOTTOM OF THE 7TH |
Hagerstown Suns batting - Pitching for Peoria Chiefs : RHP Steve Barnett
|
Batting: SHB Dan Castaneda
|
0-0: Fly out, F6 (Popup, 6S, EV 70.0 MPH)
|
Batting: LHB Rich Hannus
|
0-0: Ball 1-0: Swinging Strike 1-1: Ball 2-1: Ball 3-1: Swinging Strike 3-2: Foul Ball, location: 2F 3-2: Strikes out swinging
|
Pinch Hitting: LHB Yoshiya Kurokawa
|
0-0: Ball 1-0: Ball 2-0: Called Strike 2-1: Ball 3-1: Called Strike 3-2: Foul Ball, location: 2F 3-2: Base on Balls
|
Batting: RHB Kevin Wick
|
0-0: Called Strike 0-1: Swinging Strike 0-2: Foul Ball, location: 2F 0-2: Strikes out looking
|
Bottom of the 7th over - 0 runs, 0 hits, 0 errors, 1 left on base; Peoria 14 - Hagerstown 4 |
TOP OF THE 8TH |
Peoria Chiefs batting - Pitching for Hagerstown Suns : RHP Roy Walker
|
Now at 1B: Yoshiya Kurokawa
|
|
Batting: LHB Jayden Thomas
|
0-0: Foul Ball, location: 2F 0-1: Fly out, F7 (Line Drive, 7, EV 91.9 MPH)
|
Batting: RHB Justin Reich
|
0-0: Ball 1-0: Ball 2-0: Called Strike 2-1: Ball 3-1: Foul Ball, location: 2F 3-2: DOUBLE (Flyball, 89D, EV 97.5 MPH)
|
Batting: RHB Francisco Vargas
|
0-0: Ball 1-0: Called Strike 1-1: Ball 2-1: Ground out 4-3 (Groundball, 4, EV 108.1 MPH) Justin Reich to third
|
Batting: RHB John Gibbs
|
0-0: Called Strike 0-1: Ball 1-1: Swinging Strike 1-2: Foul Ball, location: 2F 1-2: Foul Ball, location: 2F 1-2: Foul Ball, location: 2F 1-2: Strikes out swinging
|
Top of the 8th over - 0 runs, 1 hit, 0 errors, 1 left on base; Peoria 14 - Hagerstown 4 |
BOTTOM OF THE 8TH |
Hagerstown Suns batting - Pitching for Peoria Chiefs : RHP Steve Barnett
|
Pitching: RHP Eric Glad
|
|
Batting: RHB Joe Young
|
0-0: Ground out 6-3 (Groundball, 6, EV 80.0 MPH)
|
Batting: RHB Josh Courtney
|
0-0: Called Strike 0-1: Ball 1-1: Foul Ball, location: 2F 1-2: Fly out, F6 (Popup, 6D, EV 48.1 MPH)
|
Batting: RHB Jeff Page
|
0-0: Called Strike 0-1: SINGLE (Groundball, 56S, EV 75.6 MPH) (infield hit)
|
Batting: RHB Scott Skoglund
|
0-0: Ball 1-0: Ground out 5-3 (Groundball, 56S, EV 83.1 MPH)
|
Bottom of the 8th over - 0 runs, 1 hit, 0 errors, 1 left on base; Peoria 14 - Hagerstown 4 |
TOP OF THE 9TH |
Peoria Chiefs batting - Pitching for Hagerstown Suns : RHP Roy Walker
|
Batting: RHB Chris LaReau
|
0-0: Foul Ball, location: 2F 0-1: SINGLE (Line Drive, 7S, EV 92.5 MPH)
|
Pitching: RHP Manny Arguelles
|
|
Batting: RHB Perry Huse
|
0-0: Ball 1-0: Ball 2-0: Called Strike 2-1: Swinging Strike 2-2: Grounds into double play, 6-4-3 (Groundball, 6, EV 100.6 MPH)
|
Batting: SHB Bobby O'Leary
|
0-0: Ball 1-0: Called Strike 1-1: Ball 2-1: Called Strike 2-2: Foul Ball, location: 2F 2-2: Ground out U3 (Groundball, 34S, EV 63.8 MPH)
|
Top of the 9th over - 0 runs, 1 hit, 0 errors, 0 left on base; Peoria 14 - Hagerstown 4 |
BOTTOM OF THE 9TH |
Hagerstown Suns batting - Pitching for Peoria Chiefs : RHP Eric Glad
|
Batting: RHB Bobby Dieter
|
0-0: Called Strike 0-1: Ball 1-1: Foul Ball, location: 2F 1-2: Ground out 5-3 (Groundball, 56, EV 95.0 MPH)
|
Batting: SHB Dan Castaneda
|
0-0: Ball 1-0: Ground out 4-3 (Groundball, 4MS, EV 86.2 MPH)
|
Batting: LHB Rich Hannus
|
0-0: Ball 1-0: Foul Ball, location: 2F 1-1: Foul Ball, location: 2F 1-2: SINGLE (Groundball, 4MD, EV 100.0 MPH)
|
Batting: LHB Yoshiya Kurokawa
|
0-0: Called Strike 0-1: Fielders Choice at 2nd, 6-4 (Groundball, 6, EV 103.1 MPH)
|
Bottom of the 9th over - 0 runs, 1 hit, 0 errors, 1 left on base; Peoria 14 - Hagerstown 4 |
|